 Dungeon Crawl Stone Soup version 0.25.1-2-g60ff931df9 (webtiles) character file.

Game seed: 11982058342979428081

322907 Jujuru the Warrior (level 21, -2/211 HPs)
             Began as a Demonspawn Fighter on Aug 7, 2020.
             Was the Champion of Okawaru.
             Killed from afar by a starcursed mass (5 damage)
             ... with an accursed screaming
             ... on level 2 of the Abyss.
             The game lasted 01:55:08 (47221 turns).

Jujuru the Warrior (Demonspawn Fighter)            Turns: 47221, Time: 01:55:08

Health: -2/211     AC: 35    Str: 27    XL:     21   Next: 1%
Magic:  18/18      EV: 10    Int:  8    God:    Okawaru [******]
Gold:   1312       SH: 20    Dex: 11    Spells: 20/20 levels left

rFire    + . .     SeeInvis +   X - +9 demon whip (venom)
rCold    + + +     Gourm    .   c - +0 kite shield
rNeg     + + .     Faith    .   Y - +8 orange crystal plate armour {Archmagi, Int+3 Clar}
rPois    +         Spirit   .   W - +2 helmet {SInv}
rElec    +         Reflect  +   S - scarf {rC+ rF+}
rCorr    .         Harm     .   q - +2 pair of gloves of Onkojur {rC+}
MR       +....     Clarity  +   (boots unavailable) Stlth ..........Rnd*Tele +
                                h - amulet of reflection
HPRegen  0.00/turn              Z - ring "Vacvisu" {*Drain rC- rN++ Str+6 Dex+2}
MPRegen  0.16/turn              t - ring "Webekalu" {rElec rC+++ EV+4 Int-2 Stlth-}

@: very slightly contaminated
A: hooves 3, yellow scales 1, [berserk 3], [blurry vision 3], [clumsy 2],
[deformed body], [deterioration 2], [dopey 2], foul stench 2, [low mp 3], poison
resistance, robust 2, [screaming 3], [inhibited regeneration], spiny 2,
[teleportitis 3], [weak 2], [no potion heal 3], rot immunity, subdued magic
1[+2]
}: 1/15 runes: serpentine
a: Heroism, Finesse, Renounce Religion


You were on level 2 of the Abyss.
You worshipped Okawaru.
Okawaru was exalted by your worship.
You were not hungry.

You visited 6 branches of the dungeon, and saw 31 of its levels.
You visited the Abyss 3 times.
You also visited: Ossuary, Bailey and Ice Cave.

You collected 3328 gold pieces.
You spent 2016 gold pieces at shops.

Inventory:

Hand Weapons
 J - the +6 morningstar of Hidir {vamp, rElec rPois rC+ SInv}
   (Okawaru gifted it to you on level 4 of the Lair of Beasts)

   It inflicts no extra harm, but heals its wielder when it wounds a living foe.
   It protects you from cold.
   It insulates you from electricity.
   It protects you from poison.
   It lets you see invisible.
 X - a +9 demon whip of venom (weapon)
Armour
 c - a +0 kite shield (worn)
 g - a cursed +0 tower shield
 i - a +5 crystal plate armour
 q - the +2 pair of gloves of Onkojur (worn) {rC+}
   (You acquired it on level 4 of the Snake Pit)

   It protects you from cold.
 M - a +2 buckler of protection
 P - the +1 hat of Slimy Surprise {rElec rC+ Dex-2}
   (You found it on level 2 of the Elven Halls)

   It affects your dexterity (-2).
   It protects you from cold.
   It insulates you from electricity.
 S - a scarf of resistance (worn)
 W - a +2 helmet of see invisible (worn)
 Y - the +8 orange crystal plate armour (worn) {Archmagi, Int+3 Clar}
   (You acquired it in a bailey)

   It affects your intelligence (+3).
   It protects you against confusion.
Jewellery
 b - a +6 ring of dexterity
 h - an amulet of reflection (around neck)
 m - a +6 ring of dexterity
 s - an uncursed ring of ice
 t - the ring "Webekalu" (right hand) {rElec rC+++ EV+4 Int-2 Stlth-}
   (You found it in an ice cave)

   [ring of evasion]

   It affects your evasion (+4).
   It affects your intelligence (-2).
   It renders you almost immune to cold.
   It insulates you from electricity.
   It makes you less stealthy.
 y - an uncursed ring of protection from magic
 C - the amulet of Peace {rF++ rN+ MR- Regen+ Stlth+}
   (You bought it in a shop on level 2 of the Elven Halls)

   [amulet of regeneration]

   It greatly protects you from fire.
   It protects you from negative energy.
   It affects your resistance to hostile enchantments.
   It increases your rate of regeneration.
   It makes you more stealthy.
 E - an uncursed ring of ice
 G - an uncursed amulet of regeneration
 N - an uncursed ring of see invisible
 Z - the ring "Vacvisu" (left hand) {*Drain rC- rN++ Str+6 Dex+2}
   (You acquired it on level 2 of the Orcish Mines)

   [ring of strength]

   It affects your strength (+6).
   It affects your dexterity (+2).
   It makes you vulnerable to cold.
   It greatly protects you from negative energy.
   It causes draining when unequipped.
Wands
 l - a wand of disintegration (25)
 w - a wand of digging (4)
 Q - a wand of clouds (5)
Scrolls
 e - 11 scrolls of teleportation
 j - 6 scrolls of fear
 k - 3 scrolls of amnesia
 n - a scroll of enchant weapon
 o - 24 scrolls of remove curse
 p - a scroll of magic mapping
 u - 15 scrolls of identify
 A - 4 scrolls of fog
 H - 5 scrolls of blinking
 O - a scroll of silence
 T - a scroll of enchant armour
Potions
 a - 19 potions of curing
 d - 4 potions of mutation
 r - 10 potions of flight
 v - 7 potions of haste
 x - a potion of ambrosia
 z - 4 potions of magic
 B - 6 potions of lignification
 D - 2 potions of heal wounds
 F - 2 potions of stabbing
 I - 2 potions of resistance
 K - 2 potions of brilliance
 L - a potion of berserk rage
 R - 2 potions of might
 U - a potion of cancellation
Comestibles
 f - 32 rations


   Skills:
 + Level 17.7 Fighting
 + Level 16.8 Maces & Flails
 + Level 16.5 Armour
 + Level 15.9 Shields
 - Level 7.0 Invocations


You had 20 spell levels left.
You didn't know any spells.
Your spell library contained the following spells:

 Spells                   Type           Power        Failure   Level  Hunger
 Apportation              Tloc           #.....       99%         1    ##.....
 Freeze                   Ice            #...         99%         1    ##.....
 Magic Dart               Conj           #...         99%         1    ##.....
 Sting                    Tmut/Pois      #...         99%         1    ##.....
 Summon Butterflies       Summ           #.......     99%         1    ##.....
 Summon Small Mammal      Summ           #...         99%         1    ##.....
 Blink                    Tloc           N/A          100%        2    ###....
 Call Imp                 Summ           #.......     100%        2    ###....
 Poisonous Vapours        Pois/Air       #.....       100%        2    ###....
 Slow                     Hex            #.......     100%        2    ###....
 Call Canine Familiar     Summ           #.......     100%        3    ####...
 Conjure Flame            Conj/Fire      #.......     100%        3    ####...
 Frozen Ramparts          Ice            #.....       100%        3    ####...
 Ignite Poison            Fire/Tmut/Pois #.......     100%        3    ####...
 Lesser Beckoning         Tloc           #.........   100%        3    ####...
 Mephitic Cloud           Conj/Pois/Air  #.......     100%        3    ####...
 Ozocubu's Armour         Chrm/Ice       #.......     100%        3    ####...
 Summon Guardian Golem    Hex/Summ       #.......     100%        3    ####...
 Tukima's Dance           Hex            #.......     100%        3    ####...
 Hailstorm                Conj/Ice       #.......     100%        4    #####..
 Olgreb's Toxic Radiance  Pois           #.......     100%        4    #####..
 Summon Ice Beast         Ice/Summ       #.......     100%        4    #####..
 Summon Lightning Spire   Summ/Air       #.......     100%        4    #####..
 Alistair's Intoxication  Tmut/Pois      #.......     100%        5    ######.
 Bolt of Magma            Conj/Fire/Erth #.........   100%        5    ######.
 Iskenderun's Battlesphe  Conj/Chrm      #.......     100%        5    ######.
 Invisibility             Hex            #.......     100%        6    #######
 Iron Shot                Conj/Erth      #.........   100%        6    #######
 Orb of Destruction       Conj           #.........   100%        7    #######
 Spellforged Servitor     Conj/Summ      #.........   100%        7    #######


Dungeon Overview and Level Annotations

Branches:
Dungeon (15/15)            Temple (1/1) D:5            Lair (6/6) D:10
  Swamp (0/4) Lair:2        Snake (4/4) Lair:3        Slime (0/5) Lair:6
    Orc (2/2) D:12            Elf (3/3) Orc:2        Vaults (0/5) D:14
 Depths (0/5) D:15        Ossuary (visited)          Bailey (visited)
  IceCv (visited)

Altars:
Ashenzari
Cheibriados
Dithmenos
Elyvilon
Fedhas
Gozag
Hepliaklqana
Kikubaaqudgha
Makhleb
Nemelex Xobeh
Okawaru
Qazlal
Ru
Sif Muna
Trog
Uskayaw
Vehumet
Wu Jian
Xom
Yredelemnul
Zin
The Shining One
Beogh
Jiyva

Shops:
D:4 !   D:5 :!!}   D:7 (   D:8 ?   D:9 *   Orc:2 =!}(!=?=   Elf:2 ==}

Portals:
Hell: Lair:6
Trove: D:12 (give +3 gold dragon scales)

Annotations:
D:3 3 runed translucent doors, Curus's ghost, amateur MfBe
D:9 Erolcha
Lair:1 exclusion: 3 oklob plants
Orc:1 1 runed translucent door, nano's ghost, journeyman TrMo


Innate Abilities, Weirdness & Mutations

You have hooves in place of feet.
You are partially covered in yellow scales. (AC +2)
You frequently emit foul miasma when damaged in melee.
You are very robust. (+20% HP)
You are mostly covered in sharp spines.
You are immune to rotting.
Your system is resistant to poisons. (rPois)
[You have an uncontrollable temper.]
[Scrolls take you much longer to read.]
[You are very clumsy. (Dex -4)]
[Armour fits poorly on your strangely shaped body.]
[Your body often deteriorates upon taking damage.]
[You are very dopey. (Int -4)]
[Your magical capacity is extremely low. (-30% MP)]
[You frequently scream uncontrollably at your foes.]
[You do not regenerate when monsters are visible.]
[You are often teleported next to monsters.]
[You are very weak. (Str -4)]
[Potions cannot restore your health.]
[Your spells are much easier to cast, but much less powerful.]


Message History

The wretched star pulses with an eldritch light!
Unknown command.
Unknown command.
Okay, then.
You hit the wretched star.
You kick the wretched star, but do no damage.
The wretched star is heavily damaged.
The wretched star pulses with an eldritch light!
Unknown command.
Unknown command.
The wretched star pulses with an eldritch light!
Unknown command.
Unknown command.
The wretched star glows turbulently.
The lance of force reflects off an invisible shield around you!
The lance of force hits the wretched star!!
The wretched star is knocked back by the lance of force.
A rakshasa comes into view. It is wielding a +0 trident.
A chorus of shrieks assaults your mind.
You die...

#.# #.#. .. .R . #
##. #.##. #..# .#
....# ###...#. ##
..... ###.##...## #.
...## #....##...#
#.#.... #
#XX#.#..XX###.#.#.# #
..#..#X ##.*..@...#
.X#.#
..#.#.#...#..#.#
.....#.#X##.#...#..#
#.###..###.##..##....
.. #.#.. ......#
#.#.#
##/.#####.#####. .###
#.# .. # .# .## ..# #
## #.


You could see 2 starcursed masses, a wretched star and a rakshasa.

Vanquished Creatures
  A tentacled monstrosity (Abyss:2)
  Jorgrun (Elf:2)
  A lich (Abyss:2)
  2 deep elf blademasters
  The ghost of Peloso the Peltast, an adept MiFi of Okawaru (Elf:2)
  A deep elf master archer (Elf:2)
  The ghost of Veczanlo the Blocker, an adept DrFE of Sif Muna (Snake:4)
  2 tentacled starspawn (Abyss:3)
  Roxanne (Elf:2)
  Frances (Elf:1)
  10 nagarajas
  6 deep elf elementalists
  2 orc warlords
  3 deep elf sorcerers (Elf:2)
  A deep elf demonologist (Elf:2)
  4 deep elf annihilators
  A dire elephant (shapeshifter) (Elf:2)
  Snorg (Lair:4)
  3 deep elf death magi
  7 deep elf high priests
  13 naga warriors
  4 hydras
  4 vault guards
  3 centaur warriors
  2 catoblepae
  Erica (D:8)
  17 anacondas
  31 dancing weapons
  4 death yaks
  A two-headed ogre (D:10)
  4 hell hogs (Abyss:3)
  2 death knights
  A tengu warrior (D:14)
  14 naga sharpshooters
  A death yak (shapeshifter) (Elf:2)
  11 shock serpents
  4 thrashing horrors
  6 orc high priests
  2 sun demons
  18 deep elf knights
  5 small abominations
  A shadow wraith (Abyss:3)
  2 fire crabs (shapeshifter) (Elf:2)
  A spatial maelstrom (Abyss:3)
  A sixfirhy (Abyss:3)
  5 salamander mystics (Snake:4)
  2 wretched stars (Abyss:3)
  A deep troll (shapeshifter) (Elf:2)
  An unseen horror (D:11)
  2 large abominations
  12 naga ritualists
  2 wizards
  17 deep elf archers
  Pikel (D:8)
  10 orc knights
  4 lindwurms
  An oklob plant (Lair:1)
  A cyclops (shapeshifter) (Abyss:3)
  50 deep elf magi
  22 ugly things
  23 mana vipers
  A cyclops (D:14)
  3 elephants (Lair:6)
  2 moths of wrath (Elf:2)
  2 manticores
  3 ice statues (IceCv)
  A salamander (Snake:3)
  A spectral shock serpent (Snake:4)
  Joseph (D:9)
  A smoke demon (Abyss:3)
  An apocalypse crab (Abyss:3)
  A guardian serpent (shapeshifter) (Elf:2)
  23 naga magi
  3 centaur zombies
  50 black mambas
  7 guardian serpents
  9 spiny frogs
  2 orange demons
  Maggie (D:6)
  5 rime drakes
  4 centaur skeletons
  4 komodo dragons
  2 ice devils (Lair:6)
  A hellwing (Lair:6)
  2 red devils (Lair:6)
  A tengu conjurer (D:14)
  A demonic crawler (Abyss:3)
  A hornet (shapeshifter) (Elf:2)
  5 trolls
  2 hornets
  Prince Ribbit (D:7)
  2 raiju
  6 slime creatures
  12 blink frogs
  A snapping turtle (shapeshifter) (Elf:2)
  9 hippogriffs
  2 spectral black mambas (Snake:4)
  A flying skull (Abyss:2)
  3 water elementals (Elf:1)
  4 air elementals
  2 wyverns
  2 wraiths (D:14)
  3 shadows
  3 fire elementals
  2 redbacks (shapeshifter)
  Grum (D:8)
  A vampire (D:13)
  A ynoxinul (Abyss:3)
  2 basilisks
  17 yaks
  A spectral salamander (Snake:4)
  2 chaos spawn (Abyss:3)
  5 hungry ghosts
  Menkaure (Ossuary)
  32 nagas
  2 steam dragons
  8 vampire mosquitoes
  An insubstantial wisp (Lair:5)
  9 wargs
  A soldier ant (shapeshifter) (Elf:2)
  A spatial vortex (Abyss:3)
  Edmund (D:4)
  4 hell hounds (Lair:6)
  9 water moccasins
  44 orc warriors
  13 porcupines
  A sky beast (D:12)
  14 ice beasts
  A black bear (D:9)
  A black bear (shapeshifter) (Elf:2)
  A slave (D:8)
  2 eyes of draining
  15 ogres
  4 phantoms
  15 centaurs
  9 wolves
  16 crocodiles
  A big kobold (D:10)
  A wyvern zombie (D:13)
  22 bullfrogs
  6 earth elementals
  A water moccasin zombie (D:8)
  A wyvern skeleton (D:14)
  4 scorpions
  9 wights
  3 electric eels
  2 spectral nagas (Snake:4)
  4 crimson imps
  6 howler monkeys
  10 jellies
  2 quasits
  7 starcursed masses
  5 bullfrog zombies
  14 hounds
  29 orc priests
  8 iguanas
  19 orc wizards
  4 naga simulacra (Snake:4)
  12 worker ants
  A hound skeleton (D:7)
  3 mummies (Ossuary)
  A worker ant zombie (D:5)
  A howler monkey skeleton (D:9)
  9 gnolls
  10 adders
  4 shadow imps
  An ufetubus (Abyss:3)
  3 oozes
  An adder skeleton (D:6)
  2 adder zombies
  3 worms
  2 dart slugs
  5 leopard geckos
  103 orcs
  11 bats
  10 giant cockroaches
  2 gnoll zombies (Ossuary)
  11 goblins
  10 hobgoblins
  20 jackals
  7 quokkas
  2 ball pythons
  6 frilled lizards
  4 gnoll skeletons (Ossuary)
  3 goblin skeletons (Ossuary)
  5 goblin zombies (Ossuary)
  A hobgoblin skeleton (Ossuary)
  4 hobgoblin zombies (Ossuary)
  31 kobolds
  5 kobold skeletons (Ossuary)
  7 kobold zombies (Ossuary)
  5 orc skeletons (Ossuary)
  4 orc zombies (Ossuary)
  8 rats
  6 rat skeletons (Ossuary)
  3 rat zombies (Ossuary)
  A starspawn tentacle (Abyss:2)
1270 creatures vanquished.

Vanquished Creatures (others)
  Asterion (Elf:1)
  A shadow (D:14)
  A white imp (Abyss:2)
  A hobgoblin skeleton (Ossuary)
  50 bushes (D:14)
  3 fungi
  7 plants
  16 starspawn tentacles
  4 toadstools (D:8)
84 creatures vanquished.

Grand Total: 1354 creatures vanquished

Notes
Turn   | Place    | Note
-------+----------+-------------------------------------------
     0 | D:1      | Jujuru the Demonspawn Fighter began the quest for the Orb.
     0 | D:1      | Reached XP level 1. HP: 18/18 MP: 1/1
   272 | D:1      | Gained mutation: You are immune to rotting. [demonic
                  | ancestry]
   272 | D:1      | Reached XP level 2. HP: 24/24 MP: 2/2
   555 | D:1      | Gained mutation: You may emit foul miasma when damaged in
                  | melee. [demonic ancestry]
   555 | D:1      | Reached XP level 3. HP: 29/29 MP: 3/3
  1700 | D:2      | Gained mutation: You have large cloven feet. [demonic
                  | ancestry]
  1700 | D:2      | Reached XP level 4. HP: 35/35 MP: 4/4
  2819 | D:3      | Found a runed translucent gate.
  2819 | D:3      | Found a runed translucent gate.
  2821 | D:3      | Found a runed translucent gate.
  2825 | D:3      | Found a roughly hewn altar of Beogh.
  2826 | D:3      | Noticed Curus's ghost (amateur MfBe)
  3062 | D:3      | Reached XP level 5. HP: 42/42 MP: 5/5
  3292 | D:4      | Found a hide-covered altar of Uskayaw.
  3323 | D:4      | Found a bloodstained altar of Trog.
  3333 | D:4      | Found an opulent altar of Gozag.
  3367 | D:4      | Noticed an ogre
  3404 | D:4      | Noticed an ogre
  3852 | D:3      | Killed an ogre
  3852 | D:3      | Reached skill level 4 in Fighting
  3903 | D:4      | Killed an ogre
  3903 | D:4      | Gained mutation: You have hoof-like feet. [demonic
                  | ancestry]
  3903 | D:4      | Reached XP level 6. HP: 15/48 MP: 6/6
  4113 | D:4      | Noticed Edmund
  4121 | D:4      | Killed Edmund
  4380 | D:4      | Found Gaynol's Distillery.
  4652 | D:4      | Reached skill level 5 in Maces & Flails
  4796 | D:5      | Entered Level 5 of the Dungeon
  4848 | D:5      | Found a shimmering blue altar of Sif Muna.
  4871 | D:5      | Found Bybar's Distillery.
  4884 | D:5      | Found a sacrificial altar of Ru.
  5317 | D:4      | Gained mutation: You are partially covered in sharp spines.
                  | [demonic ancestry]
  5317 | D:4      | Reached XP level 7. HP: 34/55 MP: 7/7
  5628 | D:5      | Found Yrhaol Osie's Book Shoppe.
  5663 | D:5      | Found a shadowy altar of Dithmenos.
  5709 | D:5      | Found Vuavoryvy's Distillery.
  5793 | D:5      | Reached skill level 5 in Fighting
  5929 | D:5      | Found a staircase to the Ecumenical Temple.
  6089 | D:5      | Found Tatauggi's Gadget Emporium.
  6737 | D:6      | Found a sand-covered staircase.
  6742 | Ossuary  | Entered an ossuary
  6995 | Ossuary  | Reached XP level 8. HP: 52/62 MP: 8/8
  6998 | Ossuary  | Noticed Menkaure
  7003 | Ossuary  | Killed Menkaure
  7015 | Ossuary  | Reached skill level 5 in Armour
  7460 | D:6      | Found a shimmering altar of Xom.
  7760 | D:6      | Gained mutation: Your system is resistant to poisons.
                  | (rPois) [potion of mutation]
  7760 | D:6      | Gained mutation: [Your spells are a little easier to cast,
                  | but a little less powerful.] [potion of mutation]
  7760 | D:6      | Gained mutation: You are robust. (+10% HP) [potion of
                  | mutation]
  7760 | D:6      | Gained mutation: Your muscles are strong. (Str +2) [potion
                  | of mutation]
  8023 | D:7      | Noticed Prince Ribbit
  8037 | D:7      | Killed Prince Ribbit
  8037 | D:7      | Reached skill level 6 in Fighting
  8044 | D:7      | Noticed Maggie
  8246 | D:6      | Killed Maggie
  8246 | D:6      | Reached XP level 9. HP: 48/75 MP: 9/9
  8562 | D:7      | Reached skill level 5 in Shields
  8768 | D:7      | Found Pyluterr's Antique Weapon Shoppe.
  9264 | D:8      | Found Cehezaex's Magic Scroll Shoppe.
  9442 | D:8      | Noticed Grum
  9449 | D:8      | Paralysed by a hornet for 3 turns
  9452 | D:8      | Killed Grum
  9455 | D:8      | Reached skill level 7 in Fighting
  9924 | D:8      | Gained mutation: You frequently emit foul miasma when
                  | damaged in melee. [demonic ancestry]
  9924 | D:8      | Reached XP level 10. HP: 86/86 MP: 10/10
 10141 | D:8      | Noticed Erica
 10152 | D:8      | Killed Erica
 10606 | D:9      | Noticed Joseph
 10613 | D:9      | Killed Joseph
 10673 | D:9      | Noticed Erolcha
 11084 | D:9      | Noticed Pikel
 11108 | D:8      | Killed Pikel
 11390 | D:9      | Found a basalt altar of Yredelemnul.
 11395 | D:9      | Reached skill level 8 in Fighting
 11495 | D:9      | Found Boefal's General Store.
 11578 | D:10     | Entered Level 10 of the Dungeon
 12566 | D:9      | Reached skill level 10 in Maces & Flails
 12822 | D:10     | Found a blossoming altar of Fedhas.
 13006 | D:10     | Gained mutation: You are partially covered in yellow
                  | scales. (AC +2) [demonic ancestry]
 13006 | D:10     | Reached XP level 11. HP: 85/95 MP: 11/11
 13141 | D:10     | Found a staircase to the Lair.
 13222 | D:10     | Noticed a two-headed ogre
 13231 | D:10     | Killed a two-headed ogre
 13625 | D:11     | Noticed a purple ugly thing
 13672 | D:11     | Noticed an eight-headed hydra
 13678 | D:11     | Killed an eight-headed hydra
 13769 | D:10     | Killed a purple ugly thing
 13918 | Temple   | Entered the Ecumenical Temple
 14043 | Temple   | Became a worshipper of Warmaster Okawaru
 14454 | D:11     | Reached skill level 9 in Fighting
 14518 | D:11     | Killed an unseen horror
 14518 | D:11     | Reached * piety under Okawaru
 14624 | D:11     | Noticed a purple ugly thing
 14634 | D:11     | Killed a purple ugly thing
 14967 | D:11     | Found a roughly hewn altar of Beogh.
 14989 | D:12     | Noticed a white ugly thing
 15004 | D:12     | Killed a white ugly thing
 15004 | D:12     | Reached ** piety under Okawaru
 15835 | D:12     | Found a portal to a secret trove of treasure.
 15899 | D:12     | Found a viscous altar of Jiyva.
 16076 | D:12     | Noticed a white ugly thing
 16081 | D:12     | Killed a white ugly thing
 16081 | D:12     | Reached XP level 12. HP: 105/105 MP: 12/12
 16194 | D:12     | Found a staircase to the Orcish Mines.
 16284 | D:12     | Reached *** piety under Okawaru
 17196 | D:13     | Reached **** piety under Okawaru
 17494 | D:13     | Noticed a death knight
 17503 | D:13     | Killed a death knight
 17503 | D:13     | Reached skill level 10 in Fighting
 17504 | D:13     | You fall into a shaft and drop 2 floors!
 17504 | D:15     | Entered Level 15 of the Dungeon
 17504 | D:15     | Found a staircase to the Depths.
 17505 | D:15     | Noticed a vampire mage
 17586 | D:14     | Noticed a tengu warrior
 17635 | D:14     | Noticed a centaur warrior
 18046 | D:14     | Killed a tengu warrior
 18427 | D:14     | Noticed a catoblepas
 18429 | D:14     | Found a gate to the Vaults.
 18429 | D:14     | Noticed a death knight
 18429 | D:14     | Noticed a centaur warrior
 18429 | D:14     | Noticed a seven-headed hydra
 18429 | D:14     | Noticed a vault guard
 18429 | D:14     | Noticed a vault guard
 18429 | D:14     | Noticed a vault guard
 18429 | D:14     | Noticed a vault guard
 18493 | D:13     | Reached ***** piety under Okawaru
 18643 | D:13     | Killed a vault guard
 18649 | D:13     | Killed a vault guard
 18863 | D:13     | Killed a centaur warrior
 18923 | D:13     | Killed a catoblepas
 18923 | D:13     | Gained mutation: You have hooves in place of feet. [demonic
                  | ancestry]
 18923 | D:13     | Reached XP level 13. HP: 35/114 MP: 13/13
 20065 | D:14     | Reached skill level 10 in Armour
 20077 | D:14     | Received a gift from Okawaru
 20097 | D:14     | Identified 2 scrolls of acquirement
 20506 | D:14     | Reached ****** piety under Okawaru
 20506 | D:14     | Reached skill level 11 in Fighting
 20764 | D:14     | Received a gift from Okawaru
 20765 | D:14     | Got an encrusted great mace {god gift}
 21313 | Lair:1   | Entered Level 1 of the Lair of Beasts
 22717 | Lair:1   | Reached skill level 10 in Shields
 23125 | Lair:2   | You fall into a shaft and drop 2 floors!
 23125 | Lair:4   | Noticed Snorg
 23136 | Lair:4   | Killed Snorg
 23539 | Lair:4   | Gained mutation: You are mostly covered in sharp spines.
                  | [demonic ancestry]
 23539 | Lair:4   | Reached XP level 14. HP: 119/125 MP: 14/14
 23655 | Lair:3   | You fall into a shaft and drop 1 floor!
 23862 | Lair:4   | Received a gift from Okawaru
 23971 | Lair:4   | Got a smoking morningstar {god gift}
 23972 | Lair:4   | Identified the +6 morningstar of Hidir {vamp, rElec rPois
                  | rC+ SInv} (Okawaru gifted it to you on level 4 of the Lair
                  | of Beasts)
 24787 | Lair:6   | Entered Level 6 of the Lair of Beasts
 24987 | Lair:6   | Reached skill level 12 in Fighting
 25184 | Lair:6   | Received a gift from Okawaru
 25603 | Lair:6   | Found a burning altar of Makhleb.
 25608 | Lair:6   | Found a gateway to Hell.
 25904 | Lair:6   | Found a viscous altar of Jiyva.
 25904 | Lair:6   | Found a staircase to the Slime Pits.
 26699 | Lair:3   | Found a staircase to the Snake Pit.
 26975 | Snake:1  | Entered Level 1 of the Snake Pit
 27232 | Snake:1  | Received a gift from Okawaru
 27293 | Snake:1  | You fall into a shaft and drop 1 floor!
 27416 | Snake:2  | Reached skill level 15 in Maces & Flails
 27772 | Snake:1  | Mutation became permanent: You are robust. (+10% HP)
                  | [demonic ancestry]
 27772 | Snake:1  | Gained mutation: You are robust. (+10% HP) [demonic
                  | ancestry]
 27772 | Snake:1  | Reached XP level 15. HP: 127/134 MP: 15/15
 27796 | Snake:1  | Received a gift from Okawaru
 28788 | Snake:2  | Reached skill level 13 in Fighting
 28829 | Snake:2  | Noticed a nagaraja
 28847 | Snake:2  | Killed a nagaraja
 29502 | Snake:2  | Received a gift from Okawaru
 29840 | Snake:3  | Noticed a nagaraja
 29860 | Snake:3  | Killed a nagaraja
 29876 | Snake:3  | Noticed a nagaraja
 30267 | Snake:3  | Killed a nagaraja
 30303 | Snake:3  | Reached XP level 16. HP: 143/144 MP: 16/16
 30809 | Snake:4  | Entered Level 4 of the Snake Pit
 31090 | Snake:3  | Gained mutation: You are very robust. (+20% HP) [demonic
                  | ancestry]
 31090 | Snake:3  | Reached XP level 17. HP: 145/165 MP: 17/17
 31386 | Snake:3  | Reached skill level 14 in Fighting
 31611 | Snake:4  | Received a gift from Okawaru
 31647 | Snake:4  | Found a runed translucent gate.
 31647 | Snake:4  | Found a runed translucent gate.
 31647 | Snake:4  | Found a runed translucent gate.
 33449 | Snake:4  | Received a gift from Okawaru
 35168 | Snake:4  | Reached skill level 15 in Fighting
 35182 | Snake:4  | Received a gift from Okawaru
 35826 | Snake:4  | Acquired the +2 pair of gloves of Onkojur {rC+}
 35839 | Snake:4  | Acquired 5 rations
 36208 | Snake:4  | Received a gift from Okawaru
 36274 | Snake:4  | Got a serpentine rune of Zot
 36446 | Snake:4  | Noticed Veczanlo's ghost (adept DrFE)
 36501 | Snake:4  | Killed Veczanlo's ghost
 36501 | Snake:4  | Reached XP level 18. HP: 96/178 MP: 18/18
 37256 | Lair:2   | Found a staircase to the Swamp.
 37591 | Orc:1    | Entered Level 1 of the Orcish Mines
 37591 | Orc:1    | Found a frozen archway.
 37643 | IceCv    | Entered an ice cave
 37854 | IceCv    | Got a wavering iron ring
 37871 | IceCv    | Identified the ring "Webekalu" {rElec rC+++ EV+4 Int-2
                  | Stlth-} (You found it in an ice cave)
 37933 | Orc:1    | Found a flagged portal.
 37993 | Bailey   | Entered a bailey
 38153 | Bailey   | Found a runed translucent gate.
 38155 | Bailey   | Found a runed translucent gate.
 38157 | Bailey   | Found a runed translucent gate.
 38352 | Bailey   | Acquired the +8 orange crystal plate armour {Archmagi,
                  | Int+3 Clar}
 38353 | Bailey   | Found the +8 orange crystal plate armour {Archmagi, Int+3
                  | Clar}
 38547 | Orc:1    | Found a runed translucent door.
 38839 | Orc:1    | Noticed nano's ghost (journeyman TrMo)
 38957 | Orc:2    | Entered Level 2 of the Orcish Mines
 38958 | Orc:2    | Found Yboopuon's Magic Scroll Boutique.
 38985 | Orc:2    | Bought a scroll of acquirement for 572 gold pieces
 38985 | Orc:2    | Bought a scroll of teleportation for 33 gold pieces
 38985 | Orc:2    | Bought a scroll of teleportation for 33 gold pieces
 38985 | Orc:2    | Acquired the ring "Vacvisu" {*Drain rC- rN++ Str+6 Dex+2}
 39062 | Orc:2    | Found Omaylisu's Jewellery Boutique.
 39094 | Orc:2    | Found Tideilyv's Jewellery Emporium.
 39247 | Orc:2    | Reached skill level 1 in Invocations
 39364 | Orc:2    | Found Acih's Jewellery Shop.
 39366 | Orc:2    | Found a staircase to the Elven Halls.
 40045 | Orc:2    | Found Ziwuemmo's Distillery.
 40045 | Orc:2    | Found Safeu's Weapon Shop.
 40046 | Orc:2    | Found Veup's Gadget Boutique.
 40046 | Orc:2    | Found Soke's Distillery.
 40053 | Orc:2    | Bought a potion of heal wounds for 70 gold pieces
 40056 | Orc:2    | Bought 2 potions of heal wounds for 110 gold pieces
 40056 | Orc:2    | Bought a potion of haste for 110 gold pieces
 40056 | Orc:2    | Bought 2 potions of haste for 220 gold pieces
 40056 | Orc:2    | Bought a potion of curing for 33 gold pieces
 40056 | Orc:2    | Bought a potion of curing for 33 gold pieces
 40275 | Elf:1    | Entered Level 1 of the Elven Halls
 40365 | Elf:1    | Noticed Asterion
 40376 | Elf:1    | Killed Asterion
 40580 | Elf:1    | Received a gift from Okawaru
 40845 | Elf:1    | Reached skill level 5 in Invocations
 40941 | Elf:1    | Reached skill level 16 in Fighting
 41252 | Elf:1    | Noticed Frances
 41281 | Elf:1    | Killed Frances
 41281 | Elf:1    | Reached skill level 15 in Armour
 41299 | Elf:1    | Received a gift from Okawaru
 42449 | Elf:2    | Noticed Jorgrun
 42455 | Elf:2    | Killed Jorgrun
 42497 | Elf:2    | Found a runed translucent gate.
 42497 | Elf:2    | Found a runed translucent gate.
 42497 | Elf:2    | Found a runed translucent gate.
 42501 | Elf:2    | Reached skill level 15 in Shields
 42558 | Elf:2    | Reached XP level 19. HP: 190/190 MP: 23/23
 42588 | Elf:2    | Noticed Roxanne
 42618 | Elf:2    | Killed Roxanne
 42656 | Elf:2    | Found Goxumu's Jewellery Boutique.
 42657 | Elf:2    | Found Onihiery's Gadget Shoppe.
 42658 | Elf:2    | Found Yce Dyc's Jewellery Boutique.
 42674 | Elf:2    | Bought the amulet of Peace {rF++ rN+ MR- Regen+ Stlth+} for
                  | 802 gold pieces
 42698 | Elf:2    | Reached XP level 20. HP: 200/200 MP: 24/24
 42726 | Elf:2    | Found a transporter.
 42731 | Elf:2    | Noticed Peloso's ghost (adept MiFi)
 42742 | Elf:2    | Found a transporter.
 42804 | Elf:2    | Noticed a juggernaut
 42804 | Elf:2    | an acid blob changed into a juggernaut
 42822 | Elf:2    | Noticed a shard shrike
 42822 | Elf:2    | a juggernaut changed into a shard shrike
 42835 | Elf:2    | a shard shrike changed into a titan
 42836 | Elf:2    | Killed Peloso's ghost
 42839 | Elf:2    | Noticed a shard shrike
 42839 | Elf:2    | a titan changed into a shard shrike
 42841 | Elf:2    | a shard shrike changed into a titan
 42895 | Elf:2    | Got a warped hat
 42906 | Elf:2    | Identified the +1 hat of Slimy Surprise {rElec rC+ Dex-2}
                  | (You found it on level 2 of the Elven Halls)
 43330 | Elf:2    | Reached skill level 17 in Fighting
 43387 | Elf:2    | Received a gift from Okawaru
 43871 | Elf:3    | Entered Level 3 of the Elven Halls
 44047 | Elf:3    | Got a pitted whip
 44048 | Elf:3    | Identified the +6 whip of Departure {speed, +Rage rElec rC-
                  | rN+} (You found it on level 3 of the Elven Halls)
 44807 | Elf:3    | Cast into level 3 of the Abyss (a deep elf sorcerer)
 44824 | Abyss:3  | Lost mutation: Your muscles are strong. (Str +2) [a
                  | neqoxec]
 44842 | Abyss:3  | Paralysed by accursed screaming for 1 turns
 44844 | Abyss:3  | Paralysed by accursed screaming for 1 turns
 45372 | Abyss:3  | Received a gift from Okawaru
 45376 | Elf:3    | Escaped the Abyss
 45615 | Elf:2    | Cast into level 2 of the Abyss (a deep elf sorcerer)
 45628 | Abyss:2  | Paralysed by accursed screaming for 1 turns
 45642 | Abyss:2  | Paralysed by accursed screaming for 2 turns
 45884 | Elf:2    | Escaped the Abyss
 46922 | Elf:3    | Cast into level 2 of the Abyss (a deep elf sorcerer)
 46946 | Abyss:2  | Found a shimmering blue altar of Sif Muna.
 47090 | Abyss:2  | Reached XP level 21. HP: 194/211 MP: 18/18
 47163 | Abyss:2  | Paralysed by accursed screaming for 2 turns
 47170 | Abyss:2  | Paralysed by accursed screaming for 1 turns
 47176 | Abyss:2  | Paralysed by accursed screaming for 1 turns
 47200 | Abyss:2  | HP: 5/211 [wretched star/lance of force (15)]
 47200 | Abyss:2  | HP: 1/211 [starcursed mass/accursed screaming (4)]
 47221 | Abyss:2  | Killed from afar by a starcursed mass

Illustrated notes

Levels and vault maps discovered:
D:1:      lemuel_arrival_tunnels, layout_loops_ring
D:2:      layout_loops_cross, first_ration, minmay_split_cup_large
D:3:      layout_loops_cross, biasface_ghost_orc_armoury
D:4:      layout_basic, old_standard_altar, amethyst_overflow_temple_binary,
          serial_shops, shop, chequers_serial_rivers_micro_d, uniq_edmund
D:5:      layout_layer_cave, nicolae_dithmenos_shadow_blocks,
          minmay_temple_entry_statues_pillars, serial_shops,
          kennysheep_mini_moat, shop_coins, nicolae_shop_stone,
          nicolae_shop_trees, cheibrodos_sewer_entry_drain, roderic_malta_cross,
          hangedman_feature_mirror, minivault_5, chequers_serial_rivers_micro_c
D:6:      layout_basic, tgw_xom, enter_ossuary_2
D:7:      layout_basic, serial_shops, nicolae_shop_waterfront,
          uniq_prince_ribbit1, uniq_maggie
D:8:      kennysheep_blocky_room, layout_loops_corners, serial_shops, shop,
          grunt_ogre_cave, chequers_jeans, minmay_gold_behind_fungi, uniq_grum,
          uniq_erica
D:9:      layout_cave_pods, nicolae_overflow_crystal_walls, serial_shops,
          nicolae_shop_crystal, kennysheep_generic_room_8, uniq_pikel,
          uniq_joseph, uniq_erolcha
D:10:     layout_basic, lair_entry_dummy, basic_altar, minmay_misc_feat_room
D:11:     layout_basic, special_room [special_room_orc],
          minmay_misc_feat_encased
D:12:     layout_roguey, david_orc_1_choice, enter_trove_3, jiyva_altar_1
D:13:     layout_irregular_city
D:14:     layout_rooms, lightli_vaults_fourway_checkpoint,
          gauntlet_entry_generic, minmay_hedge_maze, wad_dig_loot
D:15:     gammafunk_depths_entry_grave, layout_rooms, minivault_23
Temple:   nicolae_temple_elliptical
Lair:1:   layout_regular_city, grunt_megastairs_2, minmay_lair_oklob_chamber,
          lemuel_fruit_fields
Lair:2:   layout_roguey, swamp_mist_pool, chequers_serial_rivers_room_a
Lair:3:   layout_regular_city, dummy_snake_entry
Lair:4:   layout_loops_ring, serial_bayou_shore_b, grunt_megastairs_3,
          uniq_snorg
Lair:5:   layout_roguey, pond, serial_bayou_shore_a
Lair:6:   evil_forest, layout_loops_ring, dpeg_slime_entry_enclosed_altar,
          grunt_megastairs_4
Snake:1:  layout_onion_interference
Snake:2:  layout_chambers
Snake:3:  layout_onion_interference
Snake:4:  snake_pit_salamanders_mu, layout_cave_town,
          gammafunk_ghost_necromancy, serial_bayou_shore_b
Orc:1:    layout_caves, portal_ice_cave_entry_ice_beasts, enter_bailey_3,
          ebering_ghost_inner_flame
Orc:2:    st_orc_pillars, layout_diamond_mine, serial_shops,
          nicolae_shop_waterfront, nicolae_shop_statue_plus,
          nicolae_shop_waterfront, shop
Elf:1:    minmay_the_grid_triangle_9x9_line_8_mashed
          [minmay_the_grid_triangle_9x9_steps,
          minmay_the_grid_triangle_9x9_pentomino_pain,
          minmay_the_grid_triangle_9x9_cache,
          minmay_the_grid_triangle_9x9_minimal,
          minmay_the_grid_triangle_9x9_thin_v,
          minmay_the_grid_triangle_9x9_intruding_spiral,
          minmay_the_grid_triangle_9x9_semitri,
          minmay_the_grid_triangle_9x9_prize_center], layout_loops_corners,
          minivault_28, uniq_frances, uniq_asterion
Elf:2:    layout_gridlike, gammafunk_ghost_berserking_beasts, minmay_shop_grove,
          uniq_jorgrun, uniq_roxanne
Elf:3:    minmay_elf_hall_spiked, layout_gridlike, serial_shops,
          nicolae_shop_competitors_out_of_business, serial_glass,
          glass_columns_a, glass_columns_c, guppyfry_elf_garden
Abyss:2:  base: D:14, gammafunk_abyss_exit_x_factor, abyss_exit_lava,
          evilmike_abyss_exit_12, hangedman_abyss_batty_box, base: Swamp:1,
          lemuel_firewalk_3, lemuel_firewalk_3, hangedman_abyss_shoalhut,
          hangedman_abyss_or_decor_clamps, small_statue_intersection

Skill      XL: |  1  2  3  4  5  6  7  8  9 10 11 12 13 14 15 16 17 18 19 20 |
---------------+-------------------------------------------------------------+-----
Maces & Flails | 2 3 4 5 6 7 8 10 11 12 14 15 16 | 16.8
Armour         | 3 4 5 6 7 8 9 10 11 12 14 15 16 | 16.5
Fighting       | 4 5 6 7 8 9 10 11 12 13 15 16 17 | 17.7
Shields        | 3 4 5 6 8 9 10 11 12 13 15 | 15.9
Invocations    | 6 7 |  7.0

Action                   |  1- 3 |  4- 6 |  7- 9 | 10-12 | 13-15 | 16-18 | 19-21 || total
-------------------------+-------+-------+-------+-------+-------+-------+-------++-------
Melee: Flail             |   314 |   208 |    35 |       |       |       |       ||   557
       Kick              |       |    61 |   141 |   370 |   604 |   626 |   270 ||  2072
       Morningstar       |       |       |   269 |   677 |  1035 |     6 |       ||  1987
       Demon whip        |       |       |       |       |       |  1266 |   583 ||  1849
Invok: Heroism           |       |       |       |       |       |       |     1 ||     1
       Finesse           |       |       |       |       |       |       |     1 ||     1
Evoke: Wand              |       |       |     3 |       |     1 |     1 |       ||     5
  Use: Potion            |     1 |     3 |     3 |    10 |       |     3 |     7 ||    27
       Scroll            |     3 |     1 |     5 |     2 |     9 |    28 |     5 ||    53
 Stab: Distracted        |       |       |       |       |       |     1 |       ||     1
       Sleeping          |       |       |       |       |       |       |     1 ||     1
  Eat: Chunk             |     3 |     3 |    10 |    28 |    22 |    22 |     3 ||    91
       Ration            |       |     2 |     3 |     2 |     4 |     5 |     4 ||    20
Armor: Scale mail        |    36 |       |       |       |       |       |       ||    36
       Crystal plate arm |   188 |   220 |   191 |   424 |   619 |   497 |   339 ||  2478
       Skin              |       |       |       |     1 |       |       |       ||     1
Dodge: Dodged            |    40 |    11 |    12 |    49 |   198 |   260 |   213 ||   783
Block: Kite shield       |   146 |   139 |   163 |   423 |    48 |   186 |   503 ||  1608
       Buckler           |       |       |       |       |   382 |   525 |       ||   907
       Reflection        |       |       |       |       |       |    81 |    17 ||    98
